 Dungeon Crawl Stone Soup version 0.16-a0-3722-g5e7e3b6 (webtiles) character file.

104 Ololoev the Grasshopper (level 4, 17/22 HPs)
             Began as a Spriggan Warper on Jan 21, 2015.
             Was an Initiate of Sif Muna.
             Quit the game on level 3 of the Dungeon.
             The game lasted 00:10:11 (3407 turns).

Ololoev the Grasshopper (Spriggan Warper)           Turns: 3407, Time: 00:10:11

Health: 17/22      AC:  3    Str:  7    XL:     4   Next: 52%
Magic:  13/13      EV: 18    Int: 15    God:    Sif Muna [......]
Gold:   99         SH:  0    Dex: 15    Spells: 2 memorised, 6 levels left

rFire  . . .     SeeInvis +     a - +0 short sword
rCold  . . .     Clarity  .     n - +0 robe
rNeg   . . .     SustAb   .     (shield restricted)
rPois  .         Gourm    .     (helmet restricted)
rElec  .         Spirit   .     g - +0 cloak
rCorr  .         Warding  .     (gloves unavailable)
rMut   .         Stasis   .     (boots unavailable)
MR     .....                    (no amulet)
Stlth  ++........               (no ring)
                                (no ring)

@: very quick, not resistant to hostile enchantments, unstealthy
A: unfitting armour, see invisible, herbivore 3, speed 3, slow metabolism 2
a: Renounce Religion


You were on level 3 of the Dungeon.
You worshipped Sif Muna.
Sif Muna was noncommittal.
You were not hungry.

You visited 1 branch of the dungeon, and saw 3 of its levels.

You collected 99 gold pieces.

Notes
Turn   | Place    | Note
--------------------------------------------------------------
     0 | D:1      | Ololoev, the Spriggan Warper, began the quest for the Orb.
     0 | D:1      | Reached XP level 1. HP: 10/10 MP: 4/4
   440 | D:1      | Reached XP level 2. HP: 7/14 MP: 6/8
   561 | D:1      | Learned a level 2 spell: Blink
  1441 | D:2      | Found a stormy altar of Qazlal.
  1480 | D:2      | Reached skill level 1 in Stealth
  1480 | D:2      | Reached XP level 3. HP: 18/18 MP: 11/11
  1549 | D:2      | Found a deep blue altar of Sif Muna.
  1591 | D:2      | Found a shadowy altar of Dithmenos.
  1596 | D:2      | Noticed Robin
  2333 | D:2      | Found a blossoming altar of Fedhas.
  2333 | D:2      | Found a sparkling altar of Nemelex Xobeh.
  2606 | D:2      | Killed Robin
  2606 | D:2      | Reached XP level 4. HP: 20/22 MP: 13/13
  3208 | D:3      | Noticed Ijyb
  3322 | D:2      | Became a worshipper of Sif Muna the Loreminder
  3407 | D:3      | Quit the game

Inventory:

Hand weapons
 a - a +0 short sword (weapon)
 b - a +0 hunting sling
Missiles
 e - 14 sling bullets
 o - 16 stones (quivered)
Armour
 g - a +0 cloak (worn)
 n - a +0 robe (worn)
Scrolls
 d - a scroll of blinking
 m - 2 scrolls of remove curse {unknown}
 p - a scroll of immolation {unknown}
 q - a scroll of amnesia {unknown}
 r - 2 scrolls of recharging {unknown}
 u - a scroll of fog {unknown}
 v - a scroll of enchant weapon {unknown}
Potions
 h - a potion of curing {unknown}
 i - a potion of mutation {unknown}
 j - 2 potions of brilliance {unknown}
 k - a potion of might {unknown}
 l - a potion of agility {unknown}
 s - a potion of beneficial mutation {unknown}
 t - a potion of haste {unknown}
Books
 c - a book of Spatial Translocations

   Spells                             Type                      Level
   a - Apportation                    Translocation                1
   b - Blink                          Translocation                2
   c - Shroud of Golubria             Charms/Translocation         2
   d - Portal Projectile              Translocation                3
   e - Teleport Other                 Translocation                3
   f - Passage of Golubria            Translocation                4
Comestibles
 f - a bread ration

Table legend:
 A = Turns spent in this place as a percentage of turns spent in the entire game.
 B = Non-inter-level travel turns spent in this place as a percentage of non-inter-level travel turns spent in the entire game.
 C = Inter-level travel turns spent in this place as a percentage of turns spent in this place.
 D = Turns resting spent in this place as a percentage of non-inter-level travel turns spent in this place.
 E = Turns spent auto-exploring this place as a percentage of non-inter-level travel turns spent in this place.
 F = Non-inter-level travel turns spent in this place divided by the number of levels of this place that you've seen.
                   A       B       C       D       E      F
               +-------+-------+-------+-------+-------+----------------------
         Total | 100.0 | 100.0 |   0.5 |   4.4 |   8.6 | 333.7
       Dungeon | 100.0 | 100.0 |   0.5 |   4.4 |   8.6 | 333.7
               +-------+-------+-------+-------+-------+----------------------


   Skills:
 - Level 1.5 Fighting
 * Level 3.7 Short Blades
 + Level 0.5(1.0) Slings
 - Level 1.1(1.2) Throwing
 - Level 0.6 Armour
 - Level 3.2 Dodging
 - Level 3.0 Stealth
 + Level 3.4 Spellcasting
 + Level 4.9 Translocations


You had 6 spell levels left.
You knew the following spells:

 Your Spells              Type           Power        Failure   Level  Hunger
a - Apportation           Tloc           ###.......   2%          1    None
b - Blink                 Tloc           N/A          4%          2    ##.....


Dungeon Overview and Level Annotations

Branches:
Dungeon (3/15)

Altars:
Dithmenos
Fedhas
Nemelex Xobeh
Qazlal
Sif Muna

Annotations:
D:3 Ijyb


Innate Abilities, Weirdness & Mutations

You are tiny and cannot use many weapons and most armour.
You have supernaturally acute eyesight.
You are a herbivore.
You cover ground extremely quickly.
You need consume almost no food.


Message History

There is an open door here.
There is a deep blue altar of Sif Muna here.
You kneel at the altar of Sif Muna.
Sif Muna welcomes you!
(D) Dungeon
Where to? (Enter - D:2 @ (x,y), ? - help)
What level of the Dungeon? (default 1, ? - help)
There is an open door here.
Things that are here:
a stone; a club; an uncursed hunting sling You see here a dagger.
You see here a meat ration.
There is an open door here.
There is a stone staircase leading down here.
You climb downwards.
Level annotation: Ijyb
There is a stone staircase leading up here.
You now have 99 gold pieces (gained 13).
Found a stone staircase leading down.
Found 9 stones.
A quokka comes into view.
You see here 9 stones.
The quokka completely misses you.
You closely miss the quokka. The quokka misses you.
You hit the quokka but do no damage. The quokka bites you.
You miss the quokka. The quokka closely misses you.
You hit the quokka.
You kill the quokka!
No target in view!
No target in view!
No target in view!
No target in view!
No target in view!
No target in view!
No target in view!
No target in view!
No target in view!
No target in view!
No target in view!
Are you sure you want to abandon this character and quit the game? (Confirm with "yes".)

# #.###..# ..
#...#..###### #.
#.#'#........
#.###........#...
..##........#...
########.##........#...
#.........#........#...
#.........#........'...
#....†@..(.........##..
...........#.........##..
##........#.........##..
#........#..##+######..
#........##># #..
#........##.# ###
........##.# .......##..
....# #


There were no monsters in sight!

Table legend:
 A = Kills in this place as a percentage of kills in entire the game.
 B = Kills by you in this place as a percentage of kills by you in the entire game.
 C = Kills by friends in this place as a percentage of kills by friends in the entire game.
 D = Other kills in this place as a percentage of other kills in the entire game.
 E = Experience gained in this place as a percentage of experience gained in the entire game.
 F = Experience gained in this place divided by the number of levels of this place that you have seen.
                   A       B       C       D       E      F
               +-------+-------+-------+-------+-------+----------------------
         Total | 100.0 | 100.0 |  -nan |  -nan | 100.0 |  49.7
       Dungeon | 100.0 | 100.0 |  -nan |  -nan | 100.0 |  49.7
               +-------+-------+-------+-------+-------+----------------------

Vanquished Creatures
  Robin (D:2)
  2 adders
  3 worms (D:2)
  A giant gecko (D:3)
  2 oozes (D:1)
  16 goblins
  5 hobgoblins
  2 jackals (D:1)
  A quokka (D:3)
  5 bats
  2 giant newts (D:2)
  6 kobolds
  8 rats
54 creatures vanquished.

Action                   |  1- 3 |  4- 6 || total
-------------------------+-------+-------++-------
Melee: Short sword       |   151 |    24 ||   175
 Fire: Hunting sling     |    37 |    46 ||    83
Throw: Tomahawk          |     5 |       ||     5
 Stab: Sleeping          |     1 |     1 ||     2

Vault maps used:
D:1:      minmay_arrival_solitary_statue
D:2:      lemuel_round_altar, grunt_dithmenos_smoke,
          gammafunk_temple_overflow_elements, lemuel_blue_sif_altar, uniq_robin
D:3:      trog_three_pillars_becter, uniq_iyjb, uniq_natasha
